[Event "Ebbe cup 43"]
[Site "Schackcentrum, Vegatan 20, Gothenburg, Sweden"]
[Date "2022.09.11"]
[Round "5.3"]
[White "Dahlin, Emil"]
[Black "Andersson, Sol"]
[Result "0-1"]
[TimeControl "90 minutes for 40 moves + 15 minutes for the rest of the game + 30 seconds per move from move one."]
[WhiteFideId "1771035"]
[BlackFideId "1762702"]
[WhiteElo "1133"]
[BlackElo "1454"]

1. e4 c5 2. Nf3 g6 3. d4 cxd4 4. Nxd4 Bg7 5. c4 Nc6 6. Be3 Nf6 7. Bd3 Ne5 8. O-O Nxd3 9. Qxd3 d6 10.
Nc3 O-O 11. Rfe1 Bd7 12. Rac1 Rc8 13. Bf4 e5 14. Bxe5 dxe5 15. Nf3 Be6 16. Qxd8 Rfxd8 17. Nxe5 Bxc4 18. f3 Be6 19. a3 Nh5 20.
Ng4 Nf4 21. Rcd1 Bd4+ 22. Nf2 Bxf2+ 23. Kxf2 Nd3+ 24. Ke3 Nxe1 25. Rxe1 Rd7 26. Nb5 a6 27. Nd4 Rdc7 28. Rd1 Rc1 29.
Rd2 R1c5 30. Kf4 Bc4 31. Rc2 Bb5 32. Rd2 Rd8 33. Ke3 Rcc8 34. g3 Rd7 35. Nxb5 Rxd2 36. Kxd2 axb5 37. Kd3 Kf8 38.
b4 Ke7 39. Kd4 Rc2 40. Kd5 Ra2 41. Kc5 Rxa3 42. Kxb5 Rxf3 43. Kb6 Rb3 44. b5 Ke6 45. e5 Kxe5 46. Kxb7 Rxb5+ 47. Kc6 Rb2 48.
h4 Rg2 49. h5 Rxg3 50. hxg6 fxg6 51. Kc5 Rc3+ 52. Kb4 Kd4 53. Kb5 h5 54. Kb4 h4 55. Kb5 h3 0-1

[Event "Ebbe cup 43"]
[Site "Schackcentrum, Vegatan 20, Gothenburg, Sweden"]
[Date "2022.09.11"]
[Round "5.4"]
[White "Konduru, Sairahul"]
[Black "Madevan Vaishnavi, Yaashvan"]
[Result "1-0"]
[TimeControl "90 minutes for 40 moves + 15 minutes for the rest of the game + 30 seconds per move from move one."]
[WhiteFideId "1768247"]
[BlackFideId "1772180"]
[WhiteElo "1281"]
[BlackElo "1439"]

1. e4 d6 2. d4 Nf6 3. Nc3 g6 4. Bg5 Bg7 5. e5 dxe5 6. dxe5 Nfd7 7. f4 O-O 8. Qd2 f6 9. Bc4+ Kh8 10.
exf6 Nxf6 11. O-O-O Qxd2+ 12. Rxd2 Nc6 13. Bxf6 Bxf6 14. Nd5 Na5 15. Be2 Rd8 16. Nxc7 Rxd2 17.
Kxd2 Rb8 18. Kc1 Bd7 19. Nf3 Rc8 20. Nd5 Bf5 21. Bd1 Nc4 22. Nxf6 exf6 23. Nd4 Be4 24. b3 Ne3 25. Re1 Rc3 26.
Kd2 Nxd1 27. Rxe4 Nf2 28. Re8+ 1-0